 Dungeon Crawl Stone Soup version 0.18-a0-1116-g1750dec (webtiles) character file.

3203 Reinor the Covert (level 10, -1/59 HPs)
             Began as a Kobold Assassin on Jan 17, 2016.
             Was a Believer of Trog.
             Slain by a water moccasin (5 damage)
             ... on level 9 of the Dungeon.
             The game lasted 00:31:12 (7468 turns).

Reinor the Covert (Kobold Assassin)                 Turns: 7468, Time: 00:31:12

Health: -1/59      AC:  4    Str: 10    XL:     10   Next: 17%
Magic:  10/10      EV: 22    Int:  9    God:    Trog [**....]
Gold:   557        SH:  0    Dex: 21    Spells: 0 memorised, 9 levels left

rFire  + . .     SeeInvis .     a - +2 dagger (freeze)
rCold  . . .     Gourm    .     J - +0 robe {rF+}
rNeg   + . .     Faith    .     (shield restricted)
rPois  +         Spirit   .     (no helmet)
rElec  .         Dismiss  .     d - +0 cloak
rCorr  .         Reflect  .     C - +0 pair of gloves
SustAt .         Harm     .     (no boots)
MR     .....                    (no amulet)
Stlth  ++++++....               t - ring of poison resistance
                                M - ring of positive energy

@: exhausted, not resistant to hostile enchantments, very stealthy
A: carnivore 3
a: Berserk, Trog's Hand, Burn Spellbooks, Renounce Religion


You were on level 9 of the Dungeon.
You worshipped Trog.
Trog was pleased with you.
You were completely stuffed.

You visited 2 branches of the dungeon, and saw 10 of its levels.
You also visited: Sewer and Ossuary.

You collected 557 gold pieces.

Inventory:

Hand Weapons
 a - a +2 dagger of freezing (weapon)
 b - a +0 blowgun
 N - a +1 dagger of speed
Missiles
 e - 39 poisoned needles
 x - 3 needles of confusion
 B - 7 needles of sleeping
Armour
 d - a +0 cloak (worn)
 A - a +0 shield
 C - a +0 pair of gloves (worn)
 J - a +0 robe of fire resistance (worn)
Jewellery
 l - an uncursed ring of resist corrosion
 t - a ring of poison resistance (right hand)
 M - a ring of positive energy (left hand)
Wands
 m - a wand of draining (7/15)
 s - a wand of cold (3/15)
 u - a wand of draining (9/15)
 D - a wand of flame (32/48)
 F - a wand of digging (14/24)
 I - a wand of frost (24/48)
Scrolls
 c - a scroll of remove curse
 o - 4 scrolls of fog
 y - 2 scrolls of blinking
 z - a scroll of magic mapping
 E - a scroll of fear
Potions
 h - 4 potions of cure mutation
 j - 3 potions of flight
 n - 3 potions of resistance
 q - 2 potions of brilliance
 r - a potion of cancellation
 v - a potion of might
 G - 2 potions of magic
 K - a potion of haste
 L - a potion of lignification {unknown}
Books
 p - a book of Burglary

   Spells                             Type                      Level
   a - Swiftness                      Charms/Air                   2
   b - Passwall                       Transmutation/Earth          3
   c - Passage of Golubria            Translocation                4
   d - Lee's Rapid Deconstruction     Earth                        5
   e - Darkness                       Hexes                        6
   f - Invisibility                   Hexes                        6
   Trog disapproves of the use of such an item.
Comestibles
 g - 7 meat rations
 i - a slice of pizza
 k - 3 beef jerkies
 w - a royal jelly
 H - 5 chunks of flesh


   Skills:
 - Level 5.1 Fighting
 - Level 10.2 Short Blades
 - Level 2.1 Throwing
 - Level 7.7 Dodging
 + Level 12.5 Stealth


You had 9 spell levels left.
You didn't know any spells.

Dungeon Overview and Level Annotations

Branches:
Dungeon (9/15)             Temple (1/1) D:4
   Lair: D:8-11         Orc: D:9-12

Altars:
Cheibriados
Dithmenos
Fedhas
Gozag
Kikubaaqudgha
Makhleb
Nemelex Xobeh
Okawaru
Pakellas
Qazlal
Sif Muna
Trog
Vehumet
Xom
Yredelemnul
The Shining One

Annotations:
D:9 Grum


Innate Abilities, Weirdness & Mutations

You are small and have problems with some larger weapons.
You are carnivorous and can eat meat at any time.


Message History

* * * LOW HITPOINT WARNING * * *
Drink which item? (? for menu, Esc to quit)
Okay, then.
The wolf closely misses you.
The wolf is no longer moving slowly.
The wolf bites you!
* * * LOW HITPOINT WARNING * * *
The wolf bites you but does no damage. The wolf closely misses you.
You hit the wolf. You freeze the wolf.
The wolf is almost dead.
The wolf bites you.
* * * LOW HITPOINT WARNING * * *
Grum sniffs the air and quickly glances around.
You hit the wolf. You freeze the wolf.
You kill the wolf!
Trog accepts your kill.
You hit the water moccasin. You freeze the water moccasin.
The water moccasin is lightly wounded.
The water moccasin bites you.
You die...

....#...........)...g......#
.....).<.##.....(#(.####.ho#
.................).†# ...
....#............#)## .o.
... #....?#..(...#)# #.
#!..........O#.#
#...#.......h..#
##.....##.##S###
########..@.# #..### ##. ##


You could see a water moccasin, an ogre and a wolf.

Vanquished Creatures
  A spriggan (D:7)
  Eustachio (D:4)
  A hungry ghost (D:8)
  Edmund (D:4)
  2 wolves (D:9)
  A sky beast (D:6)
  An orc warrior (D:8)
  An ice beast (D:7)
  A phantom (D:7)
  2 ogres
  A centaur (D:8)
  An elf zombie (Ossuary)
  2 big kobolds
  A giant frog (D:6)
  A wyvern skeleton (D:8)
  A scorpion (D:7)
  9 killer bees (D:8)
  A crimson imp (D:6)
  A centaur zombie (D:9)
  5 hounds
  A jelly (D:9)
  6 orc priests
  8 orc wizards
  An iguana (D:6)
  2 worker ants
  A big kobold zombie (Ossuary)
  4 mummies (Ossuary)
  13 adders
  2 river rats (Sewer)
  3 shadow imps
  2 adder skeletons
  6 giant geckos
  20 orcs
  6 giant cockroaches
  3 gnoll zombies (Ossuary)
  8 goblins
  5 hobgoblins
  11 jackals
  2 quokkas
  A ball python skeleton (D:4)
  5 bats
  A giant gecko skeleton (D:4)
  5 giant newts
  A goblin zombie (Ossuary)
  2 hobgoblin zombies (Ossuary)
  A jackal zombie (Ossuary)
  13 kobolds
  A kobold zombie (Ossuary)
  9 rats
  A rat zombie (Ossuary)
179 creatures vanquished.

Vanquished Creatures (others)
  An orc zombie (Ossuary)
1 creature vanquished.

Grand Total: 180 creatures vanquished

Notes
Turn   | Place    | Note
--------------------------------------------------------------
     0 | D:1      | Reinor the Kobold Assassin began the quest for the Orb.
     0 | D:1      | Reached XP level 1. HP: 12/12 MP: 1/1
   313 | D:1      | Reached XP level 2. HP: 17/17 MP: 2/2
   725 | D:2      | Reached XP level 3. HP: 9/21 MP: 3/3
   990 | D:2      | Reached skill level 5 in Short Blades
  1328 | D:3      | Reached XP level 4. HP: 26/26 MP: 4/4
  1574 | D:3      | Found a glowing drain.
  1599 | Sewer    | Entered a sewer
  1601 | Sewer    | Reached skill level 6 in Short Blades
  1606 | Sewer    | Reached XP level 5. HP: 20/30 MP: 5/5
  1663 | Sewer    | Noticed a big kobold
  1707 | Sewer    | Killed a big kobold
  1906 | Sewer    | Found a white marble altar of Elyvilon.
  2199 | D:4      | Reached skill level 7 in Stealth
  2292 | D:4      | Reached XP level 6. HP: 35/35 MP: 6/6
  2521 | D:4      | Found a sand-covered staircase.
  2551 | Ossuary  | Entered an ossuary
  2733 | Ossuary  | HP: 1/35 [mummy (16)]
  3025 | Ossuary  | Reached skill level 5 in Dodging
  3025 | Ossuary  | Reached XP level 7. HP: 37/40 MP: 7/7
  3183 | D:4      | Found a staircase to the Ecumenical Temple.
  3191 | Temple   | Entered the Ecumenical Temple
  3200 | Temple   | Became a worshipper of Trog the Wrathful
  3218 | D:4      | Noticed Edmund
  3224 | D:4      | Killed Edmund
  3245 | D:4      | Noticed Eustachio
  3364 | D:4      | Found an iron altar of Okawaru.
  3364 | D:4      | Found a blossoming altar of Fedhas.
  3366 | D:4      | Found a basalt altar of Yredelemnul.
  3370 | D:4      | Found an ancient bone altar of Kikubaaqudgha.
  3371 | D:4      | Found a snail-covered altar of Cheibriados.
  3371 | D:4      | Found an oddly glowing altar of Pakellas.
  3371 | D:4      | Found a radiant altar of Vehumet.
  3371 | D:4      | Found a stormy altar of Qazlal.
  3371 | D:4      | Found a shimmering altar of Xom.
  3372 | D:4      | Found a sparkling altar of Nemelex Xobeh.
  3373 | D:4      | Found a shadowy altar of Dithmenos.
  3374 | D:4      | Found a burning altar of Makhleb.
  3375 | D:4      | Found a deep blue altar of Sif Muna.
  3376 | D:4      | Found an opulent altar of Gozag.
  3476 | D:5      | Entered Level 5 of the Dungeon
  3553 | D:4      | Killed Eustachio
  3553 | D:4      | Reached XP level 8. HP: 44/44 MP: 8/8
  3936 | D:5      | Found a glowing golden altar of the Shining One.
  4380 | D:6      | Reached skill level 5 in Fighting
  4405 | D:6      | Reached * piety under Trog
  5157 | D:7      | Reached skill level 8 in Short Blades
  5189 | D:7      | Reached XP level 9. HP: 54/54 MP: 9/9
  5386 | D:7      | Reached skill level 9 in Short Blades
  5557 | D:7      | Reached skill level 10 in Short Blades
  6463 | D:8      | Reached ** piety under Trog
  6865 | D:8      | Reached skill level 10 in Stealth
  6984 | D:8      | Reached skill level 11 in Stealth
  6984 | D:8      | Reached XP level 10. HP: 44/59 MP: 10/10
  7412 | D:9      | Reached skill level 12 in Stealth
  7457 | D:9      | Noticed Grum
  7468 | D:9      | Slain by a water moccasin

Vault maps used:
D:1:      dpeg_arrival_stone_temple_mockup
D:2:      first_bread
D:3:      gup_sewer_entry_pipe
D:4:      minitemple, minmay_temple_entry_mist, nicolae_ossuary_entry_monument,
          uniq_edmund, uniq_eustachio
D:5:      small_statue_intersection, nicolae_tso_swordbearing_angel
D:7:      lemuel_upstairs_altar, the_bakery
D:9:      uniq_grum
Temple:   hc_temple_tempest_star_small
Sewer:    sewer_kobolds
Ossuary:  ossuary_minmay_tomb_2a

Action                   |  1- 3 |  4- 6 |  7- 9 | 10-12 || total
-------------------------+-------+-------+-------+-------++-------
Melee: Dagger            |    93 |   221 |   534 |    68 ||   916
 Fire: Blowgun           |       |     9 |     9 |     2 ||    20
Invok: Berserk           |       |       |     5 |     1 ||     6
  Use: Scroll            |     5 |     1 |    20 |     1 ||    27
       Potion            |     1 |     2 |     8 |       ||    11
 Stab: Sleeping          |    11 |    10 |    19 |     2 ||    42
       Distracted        |       |       |     3 |       ||     3
  Eat: Chunk             |    10 |     4 |    18 |     4 ||    36
